 Dungeon Crawl Stone Soup version 0.29.1-15-g9cfb28693d (webtiles) character file.

Game seed: 1208843586222804001

1491 Coron the Fighter (level 9, -8/81 HPs)
             Began as a Meteoran Fighter on Mar 23, 2023.
             Was a Follower of Yredelemnul.
             Killed from afar by Maggie (18 damage)
             ... with a bolt of fire
             ... on level 6 of the Dungeon.
             The game lasted 00:15:27 (2105 turns).

Coron the Fighter (Meteoran Fighter)                Turns: 2105, Time: 00:15:27

Health: -8/81      AC:  9    Str: 27    XL:     9   Next: 28%
Magic:  11/11      EV:  9    Int: 10    God:    Yredelemnul [*.....]
Gold:   123        SH:  5    Dex: 15    Spells: 8/8 levels left

rFire   . . .      SeeInvis .   a - +0 war axe
rCold   . . .      Faith    .   c - +0 buckler
rNeg    . . .      Spirit   .   b - +0 scale mail
rPois   .          Reflect  .   (no helmet)
rElec   .          Harm     .   (no cloak)
rCorr   .          Rampage  .   h - +0 pair of gloves
Will    +....                   (no boots)
Stlth   ..........              k - amulet of the acrobat
HPRegen 0.23/turn               z - +6 ring of strength
MPRegen 0.12/turn               (no ring)

@: mesmerised, glowing
A: sense surroundings 2, otherworldly, glowing, explore regen
a: Renounce Religion, Recall Undead Harvest


You were on level 6 of the Dungeon.
You worshipped Yredelemnul.
Yredelemnul was noncommittal.
You visited 1 branch of the dungeon, and saw 6 of its levels.
You also visited: Sewer.

You collected 123 gold pieces.

Inventory:

Hand Weapons
 a - a +0 war axe (weapon)
Missiles
 i - 11 poisoned darts (quivered)
Armour
 b - a +0 scale mail (worn)
 c - a +0 buckler (worn)
 h - a +0 pair of gloves (worn)
 w - a +0 chain mail
Jewellery
 k - an amulet of the acrobat (around neck)
 z - a +6 ring of strength (left hand)
Wands
 d - a wand of polymorph (8)
 v - a wand of paralysis (2)
Scrolls
 e - a scroll of poison {unknown}
 f - a scroll of magic mapping
 g - 2 scrolls of amnesia {unknown}
 l - 2 scrolls of blinking
 m - a scroll of silence {unknown}
 o - a scroll of fear {unknown}
 p - a scroll of butterflies {unknown}
 r - a scroll of teleportation {unknown}
 s - a scroll of enchant armour {unknown}
 u - a scroll of brand weapon {unknown}
 x - a scroll of noise {unknown}
 y - a scroll of enchant weapon {unknown}
Potions
 j - a potion of degeneration
 q - a potion of curing


   Skills:
 - Level 8.0 Fighting
 + Level 6.2 Axes
 - Level 8.0 Armour
 - Level 5.0 Shields
 - Level 2.0 Invocations


You had 8 spell levels left.
You didn't know any spells.
Your spell library contained the following spells:

 Spells                   Type           Power      Damage    Failure   Level
 Ozocubu's Armour         Ice            0%         N/A       96%         3
 Ozocubu's Refrigeration  Ice            0%         4d7       100%        7


Dungeon Overview and Level Annotations

Branches:
Dungeon (6/15) Zot: 1631    Sewer (visited)
 Temple: D:4-7

Altars:
Ru
Yredelemnul

Annotations:
D:6 Maggie


Innate Abilities, Weirdness & Mutations

You passively map the area around you.
You are easily found by Zot.
You glow in the dark.
You regain HP and MP as you explore.


Message History

You hit Maggie.
Maggie is heavily wounded.
Maggie gestures wildly while chanting.
Maggie attempts to bespell you!
You are mesmerised by Maggie!
Your kobold brigand zombie hits Maggie but does no damage.
Your kobold zombie hits Maggie but does no damage.
You block Maggie's attack.
You hit Maggie but do no damage.
Maggie is heavily wounded.
Your kobold brigand zombie closely misses Maggie.
Maggie barely misses you.
Your kobold zombie hits Maggie but does no damage.
Unknown command.
You hit Maggie.
Maggie is severely wounded.
Maggie gestures at you while chanting. The bolt of fire hits you!
* * * LOW HITPOINT WARNING * * *
The bolt of fire hits your kobold zombie!!
Your kobold zombie is destroyed!
Your kobold brigand zombie barely misses Maggie.
Your kobold zombie hits Maggie but does no damage.
You slash Maggie!
Maggie is almost dead.
Maggie mumbles the words to a spell, but in the wrong order.
Maggie casts a spell.
Maggie draws you further into her thrall.
Your kobold brigand zombie hits Maggie but does no damage.
Your kobold zombie barely misses Maggie.
You hit Maggie.
Maggie is almost dead.
Maggie hits you with a +2 morningstar of protection.
* * * LOW HITPOINT WARNING * * *
Your kobold brigand zombie hits Maggie but does no damage.
Your kobold zombie closely misses Maggie.
Maggie gestures at you while chanting. The bolt of fire hits you!!
You die...
Your body rises from the dead as a mindless zombie.

,, ,, . ###..#........#
. ##.............. .
##............... .
#............D... .
###........?.......
##.................. .
##[...Z.....)........ .
#...#Z@@....#<....... .
#.....Z.....##.......,.
##....##..#.......... .
####.#)..#.# ........,.
#))...)).#..#
*.......,.
#<).........# ....... .
##)....#.#....,.......
. #.#...###....,....#..
. ###....# ... , .


You could see Maggie (mesmerising, ally target), a friendly gnoll zombie, a
friendly kobold zombie and a friendly kobold brigand zombie.

Vanquished Creatures
  Pikel (D:4)
  A black bear (D:5)
  Duvessa (D:4)
  A lemure (D:4)
  A kobold brigand (D:6)
  2 necrophages (D:5)
  A bullfrog (Sewer)
  5 wights (D:6)
  Dowan (D:4)
  A howler monkey (D:5)
  A hound (D:5)
  A gnoll bouda (D:6)
  An iguana (D:4)
  5 gnolls
  2 adders
  3 worms
  A dart slug (D:4)
  6 orcs
  11 ball pythons
  12 endoplasms
  6 giant cockroaches (Sewer)
  3 goblins
  3 hobgoblins
  4 jackals (D:2)
  5 quokkas (Sewer)
  3 bats
  7 frilled lizards
  11 kobolds
  A rat (D:3)
101 creatures vanquished.

Vanquished Creatures (collateral kills)
  An adder (Sewer)
  3 ball pythons (Sewer)
  A bat (D:2)
  2 endoplasms (Sewer)
  2 giant cockroaches (Sewer)
  A jackal (D:2)
  A quokka (Sewer)
  5 frilled lizards (Sewer)
  A kobold (D:2)
17 creatures vanquished.

Vanquished Creatures (others)
  A gnoll (D:6)
  A kobold (D:6)
  5 ball python zombies
  A dart slug zombie (D:4)
  An endoplasm zombie (Sewer)
  A giant cockroach zombie (Sewer)
  2 gnoll zombies (D:6)
  3 kobold zombies
  A rat zombie (D:3)
  2 demonic plants (D:2)
  9 toadstools (D:2)
  A withered plant (D:2)
28 creatures vanquished.

Grand Total: 146 creatures vanquished

Notes
Turn   | Place    | Note
-------+----------+-------------------------------------------
     0 | D:1      | Coron the Meteoran Fighter began the quest for the Orb.
     0 | D:1      | Reached XP level 1. HP: 19/19 MP: 2/2
    68 | D:2      | Reached XP level 2. HP: 26/26 MP: 3/3
   230 | D:2      | Found a faded altar of an unknown god.
   243 | D:2      | Reached XP level 3. HP: 29/33 MP: 4/4
   256 | D:2      | Prayed at the altar of an unknown god.
   256 | D:2      | Became a worshipper of Yredelemnul the Dark
   256 | D:2      | Reached * piety under Yredelemnul
   308 | D:2      | Identified the +1 mace "Quco" {vorpal, rElec rPois rF-
                  | Dex+3}
   358 | D:2      | Reached XP level 4. HP: 37/40 MP: 5/5
   360 | D:2      | Reached ** piety under Yredelemnul
   402 | D:3      | Found a sacrificial altar of Ru.
   689 | D:4      | Noticed a lemure
   689 | D:4      | Noticed a lemure
   689 | D:4      | Noticed a lemure
   689 | D:4      | Found a glowing drain.
   692 | D:4      | Noticed a lemure
   692 | D:4      | Noticed Pikel
   741 | D:4      | Noticed Duvessa
   742 | D:4      | Noticed Dowan
   755 | D:4      | Killed Duvessa
   756 | D:4      | Reached skill level 5 in Armour
   756 | D:4      | Reached skill level 5 in Fighting
   756 | D:4      | Reached XP level 5. HP: 48/48 MP: 4/6
   756 | D:4      | Reached XP level 6. HP: 56/56 MP: 4/7
   768 | D:4      | Killed Dowan
   769 | D:4      | Reached skill level 1 in Invocations
   846 | Sewer    | Entered a sewer
  1045 | Sewer    | Reached skill level 5 in Axes
  1045 | Sewer    | Reached XP level 7. HP: 35/61 MP: 9/9
  1055 | Sewer    | Reached *** piety under Yredelemnul
  1145 | D:4      | HP: 2/61 [Pikel/+2 whip of flaming (7)]
  1151 | D:4      | Killed Pikel
  1152 | D:4      | Reached XP level 8. HP: 19/71 MP: 10/10
  1432 | D:5      | Entered Level 5 of the Dungeon
  1593 | D:5      | Identified the +0 dagger of Jitaow {vorpal, *Noise rPois
                  | rN+ Str+4}
  1815 | D:6      | Noticed Maggie
  1815 | D:6      | Noticed a steam dragon
  1911 | D:6      | Noticed a vampire mosquito
  1976 | D:6      | Gained mutation: You passively map the area around you.
                  | [Meteoran growth]
  1976 | D:6      | Reached XP level 9. HP: 74/81 MP: 11/11
  1992 | D:6      | Reached skill level 5 in Shields
  2005 | D:6      | Noticed a troll
  2105 | D:6      | Killed from afar by Maggie

Illustrated notes

Levels and vault maps discovered:
D:1:      amcnicky_arrival_flooded_fountain, layout_loops_ring,
          minmay_close_crescents
D:2:      cheibrodos_fertilizer, layout_basic, shapermc_ecumenical_altar_gd,
          minmay_tripent
D:3:      layout_loops_cross, mainiacjoe_overflow_surrounded_room,
          serial_rivers, chequers_serial_rivers_small_b,
          chequers_serial_rivers_small_b, chequers_serial_rivers_micro_a,
          chequers_serial_rivers_large_a, chequers_serial_rivers_micro_d,
          chequers_serial_rivers_small_3, chequers_serial_rivers_small_3
D:4:      layout_basic, portal_sewer_entry_b, uniq_duvessa, uniq_pikel,
          uniq_blork_the_orc, uniq_eustachio
D:5:      layout_basic, chequers_serial_rivers_marsh
D:6:      layout_cave_pools, minmay_manual_mess, uniq_maggie

Skill      XL: |  1  2  3  4  5  6  7  8  9 |
---------------+----------------------------+-----
Armour         | 4 5 6 7 8 |  8.0
Shields        | 4 5 |  5.0
Axes           | 3 5 6 |  6.2
Fighting       | 4 5 6 8 |  8.0
Invocations    | 2 |  2.0

Action                   |  1- 3 |  4- 6 |  7- 9 || total
-------------------------+-------+-------+-------++-------
Melee: War axe           |    53 |   126 |   145 ||   324
Throw: Throwing net      |       |       |     1 ||     1
Invok: Recall Undead Har |       |     1 |       ||     1
Evoke: Wand              |       |       |     2 ||     2
  Use: Potion            |       |     1 |     3 ||     4
       Scroll            |       |     1 |     4 ||     5
 Stab: Distracted        |       |     1 |       ||     1
       Paralysed         |       |       |     3 ||     3
       Held in net/web   |       |       |     1 ||     1
Armor: Scale mail        |    27 |    70 |    53 ||   150
       Skin              |       |    12 |       ||    12
Dodge: Dodged            |    34 |    90 |    54 ||   178
Block: Buckler           |    21 |    43 |    44 ||   108
